 Dungeon Crawl Stone Soup version 0.32-a0-597-g8e3e136d6a (webtiles) character file.

Game seed: 11904567044295498020

7215 cforsyth the Purveyor of Pain (level 10, -7/144 HPs)
             Began as a Mountain Dwarf Necromancer on Mar 2, 2024.
             Was an Initiate of Kikubaaqudgha.
             Mangled by a wraith (11 damage)
             ... on level 10 of the Dungeon.
             The game lasted 00:31:34 (14266 turns).

cforsyth the Purveyor of Pain (MDNe)               Turns: 14266, Time: 00:31:35

Health: -7/144     AC: 13    Str: 10    XL:     10   Next: 87%
Magic:  12/12      EV:  5    Int: 19    God:    Kikubaaqudgha [......]
Gold:   1483       SH:  0    Dex: 17    Spells: 3/12 levels left

rFire   . . .        E - +11 spear of Untruth {heavy, rElec rPois}
rCold   . . .        h - +2 buckler
rNeg    + + .        s - +0 chain mail
rPois   +            l - +0 helmet
rElec   +            a - +2 ratskin cloak {*Rats rPois rN+ Str-1 Int-1 Dex+1}
rCorr   .            j - +0 pair of gloves
SInv    .            (no boots)
Will    .....        (no amulet) Stlth
                     D - +6 ring of dexterity
HPRegen 0.44/turn    N - ring of positive energy
MPRegen 0.13/turn

%: no passive effects
@: confused, berserking, lethally poisoned (-7 -> -15), weak-willed,
ambrosia-drunk, animating dead, slowed
A: runic magic, artefact enchanting
a: Renounce Religion


You were on level 10 of the Dungeon.
You worshipped Kikubaaqudgha.
Kikubaaqudgha was noncommittal.
You visited 1 branch of the dungeon, and saw 10 of its levels.
You also visited: Ossuary.

You collected 1675 gold pieces.
You spent 192 gold pieces at shops.


Innate Abilities, Weirdness & Mutations

Your spellcasting is much less encumbered by armour.
You can use scrolls of enchantment on lesser artefacts.


   Skills:
 + Level 11.3 Fighting
 - Level 7.8 Axes
 - Level 1.3 Dodging
 - Level 1.4 Stealth
 - Level 5.0 Shields
 - Level 1.7 Spellcasting
 + Level 12.1 Necromancy


You had 3 spell levels left.
You knew the following spells:

 Your Spells              Type           Power      Damage    Failure   Level
a - Animate Dead          Necr           47%        N/A       4%          4
n - Dispel Undead         Necr           47%        3d18      4%          4
X - Necrotise             Necr           100%       1d9       1%          1

Your spell library contained the following spells:

 Spells                   Type           Power      Damage    Failure   Level
 Vampiric Draining        Necr           47%        2d9       1%          3
 Kiss of Death            Conj/Necr      96%        2d12      5%          1
 Slow                     Hex            4%         N/A       54%         1
 Confusing Touch          Hex            1%         N/A       88%         3
 Sigil of Binding         Hex            1%         N/A       88%         3
 Volatile Blastmotes      Fire/Tloc      2%         2d10      88%         3
 Curse of Agony           Necr           47%        N/A       12%         5
 Fulminant Prism          Conj/Alch      0%         3d5       99%         4
 Iskenderun's Mystic Bla  Conj/Tloc      1%         2d3       99%         4
 Manifold Assault         Tloc           1%         N/A       99%         4
 Dispersal                Tloc           0%         N/A       100%        6
 Disjunction              Tloc           0%         N/A       100%        8

Inventory:

Hand Weapons
 w - a +4 hand axe of flaming
 E - the +11 spear of Untruth (weapon) {heavy, rElec rPois}
   (You took it off an orc on level 8 of the Dungeon)

   rElec:     It insulates you from electricity.
   rPois:     It protects you from poison.
Missiles
 B - 14 poisoned darts
 C - 2 curare-tipped darts {=f}
Armour
 a - the +2 ratskin cloak (worn) {*Rats rPois rN+ Str-1 Int-1 Dex+1}
   (You found it on level 5 of the Dungeon)

   *Rats:     When the wearer is hurt, rats may emerge from it to assist them.
   Str-1:     It affects your strength (-1).
   Int-1:     It affects your intelligence (-1).
   Dex+1:     It affects your dexterity (+1).
   rPois:     It protects you from poison.
   rN+:       It protects you from negative energy.
 h - a +2 buckler (worn)
 j - a +0 pair of gloves (worn)
 l - a +0 helmet (worn)
 s - a +0 chain mail (worn)
Jewellery
 d - a +6 ring of dexterity
 D - a +6 ring of dexterity (left hand)
 F - a ring of protection from fire
 I - a +6 ring of intelligence
 N - a ring of positive energy (right hand)
 R - a ring of resist corrosion
Wands
 g - a wand of mindburst (23)
 m - a wand of roots (12)
 p - a wand of polymorph (24)
 v - a wand of flame (34)
Scrolls
 e - a scroll of fog {unknown}
 f - 8 scrolls of teleportation {@r2}
 k - a scroll of fear
 o - 2 scrolls of amnesia
 q - a scroll of vulnerability
 y - a scroll of revelation {unknown}
 z - a scroll of blinking {unknown}
 A - 2 scrolls of identify {@r1}
 G - a scroll of enchant armour
Potions
 b - 2 potions of magic
 c - 2 potions of attraction
 i - a potion of haste {unknown}
 n - 5 potions of lignification
 r - 4 potions of curing {@q1}
 t - a potion of ambrosia
 u - 2 potions of cancellation
 H - a potion of mutation {unknown}
 J - a potion of degeneration {unknown}
 K - a potion of resistance {unknown}

Dungeon Overview and Level Annotations

Branches:
Dungeon (10/15)            Temple (0/1) D:7            Lair (0/5) D:8
Ossuary (visited)
    Orc: D:9-12

Altars:
Ashenzari
Cheibriados
Elyvilon
Gozag
Kikubaaqudgha
Qazlal
Ru
Uskayaw
Xom
Zin
The Shining One

Shops:
D:1 =   D:5 :   D:6 ?

Annotations:
D:4 3 runed translucent doors, 7151Change's ghost, novice GnRe
D:8 1 runed translucent door, yleetSyT's ghost, novice GnDe

###
##@#
#yW#
#.Y.#
#Z..#
.##..
.. ...
...
....
...!
.....
##..
>..##.


You could see a yak (distracted, ally target), a hornet, a wraith and the
friendly Nergalle the orc zombie.


Message History

Unknown command.
Unknown command.
Unknown command.
Unknown command.
Unknown command.
A red film seems to cover your vision as you go berserk!
You feel yourself moving faster!
You feel mighty! The hornet stings you.
* * * LOW HITPOINT WARNING * * *
The yak barely misses Nergalle.
The wraith hits you.
* * * LOW HITPOINT WARNING * * *
The wraith drains your vigour!
You feel as though you will be slow longer.
Nergalle hits the yak but does no damage.
The hornet stings you!
* * * LOW HITPOINT WARNING * * *
Unknown command.
Unknown command.
Unknown command.
Unknown command.
Unknown command.
You miss the hornet.
The hornet is lightly wounded.
The hornet stings you!
* * * LOW HITPOINT WARNING * * *
You are lethally poisoned!
You feel as though you will be slow longer.
The yak gores Nergalle but does no damage.
The wraith hits you!
You die...
Kikubaaqudgha rasps: You have failed me!
Welcome... death!

Skill      XL: |  1  2  3  4  5  6  7  8  9 10 |
---------------+-------------------------------+-----
Fighting       | 1 2 3 4 5 7 9 11 | 11.3
Necromancy     | 5 6 7 8 10 12 | 12.1
Shields        | 1 2 3 4 5 |  5.0
Axes           | 1 4 6 7 |  7.8
Dodging        | |  1.3
Stealth        | |  1.4
Spellcasting   | |  1.7

Action                     |  1- 3 |  4- 6 |  7- 9 | 10-12 || total
---------------------------+-------+-------+-------+-------++-------
  Melee: Unarmed           |    10 |       |       |       ||    10
         Lajatang          |     5 |    19 |       |       ||    24
         Hand axe          |       |    11 |   251 |       ||   262
         Spear             |       |       |    16 |    94 ||   110
  Throw: Dart              |       |       |     1 |       ||     1
   Cast: Necrotise         |    78 |   126 |   266 |     8 ||   478
         Animate Dead      |       |       |       |     3 ||     3
  Evoke: Wand              |       |       |     9 |       ||     9
    Use: Scroll            |       |       |    13 |     2 ||    15
         Potion            |       |       |       |     4 ||     4
 Armour: Leather armour    |    20 |     6 |       |       ||    26
         Robe              |     5 |       |       |       ||     5
         Chain mail        |       |    54 |   353 |   118 ||   525
  Dodge: Dodged            |    17 |    22 |    73 |    32 ||   144
  Block: Buckler           |       |     7 |   147 |    42 ||   196
   Form: Beast             |     1 |       |       |       ||     1
                           |     1 |       |       |       ||     1

Levels and vault maps discovered:
D:1:      nicolae_arrival_washed_ashore, layout_basic,
          nicolae_shop_unique_rings, minmay_statues_item, kennysheep_minor_cross
D:2:      layout_loops_corners
D:3:      layout_loops_ring
D:4:      layout_cave_pools, nicolae_qazlal_eye_of_the_storm,
          lemuel_doored_altar, ebering_ghost_rock_garden, uniq_ijyb
D:5:      wander_guarded_unrand_ratskin, layout_basic,
          mainiacjoe_overflow_big_doors, serial_shops, shop,
          minmay_misc_feat_encased
D:6:      layout_loops_ring, mainiacjoe_ossuary_entry_dusty_tomb, serial_shops,
          shop, minmay_between
D:7:      layout_loops_cross, mainiacjoe_overflow_cross_hatched,
          minmay_temple_entry_statues
D:8:      layout_loops_cross, mainiacjoe_overflow_alcove_3, david_lair_shrubbed,
          ebering_ghost_xom, mrwooster_statue_mirror, minmay_misc_feat_roman
D:9:      layout_cave_pods, feat_on_display, uniq_erolcha
D:10:     layout_cave_pools, lemuel_crystal_altar, st_stairs_5,
          nicolae_stop_n_shop_1, uniq_nergalle, uniq_harold

Notes
Turn   | Place    | Note
-------+----------+-------------------------------------------
     0 | D:1      | cforsyth the Mountain Dwarf Necromancer began the quest for
                  | the Orb.
     0 | D:1      | Reached XP level 1. HP: 14/14 MP: 3/3
    55 | D:1      | Found Tuxia's One-of-a-Kind Rings.
   173 | D:1      | Reached skill level 1 in Fighting
   176 | D:1      | Reached XP level 2. HP: 23/23 MP: 1/4
   750 | D:1      | Reached skill level 2 in Fighting
   750 | D:1      | Reached XP level 3. HP: 29/29 MP: 2/5
  1067 | D:2      | Reached skill level 5 in Necromancy
  1683 | D:2      | Reached skill level 1 in Shields
  2076 | D:2      | Reached XP level 4. HP: 37/37 MP: 2/6
  2243 | D:3      | Reached skill level 3 in Fighting
  2243 | D:3      | Reached skill level 2 in Shields
  2599 | D:3      | Reached XP level 5. HP: 39/45 MP: 2/7
  3852 | D:4      | Reached skill level 3 in Shields
  3870 | D:4      | Reached XP level 6. HP: 42/52 MP: 0/8
  3949 | D:4      | Noticed Ijyb
  3966 | D:3      | Killed Ijyb
  3967 | D:3      | Reached skill level 6 in Necromancy
  4071 | D:4      | Reached skill level 4 in Fighting
  4149 | D:4      | Found a glowing golden altar of the Shining One.
  4475 | D:4      | Found a stormy altar of Qazlal.
  4648 | D:4      | Found a runed translucent gate.
  4650 | D:4      | Found a runed translucent gate.
  4652 | D:4      | Found a runed translucent gate.
  4652 | D:4      | Noticed 7151Change's ghost (novice GnRe)
  4799 | D:5      | Entered Level 5 of the Dungeon
  4830 | D:5      | Reached skill level 1 in Axes
  4913 | D:5      | Reached XP level 7. HP: 60/60 MP: 1/9
  4928 | D:5      | Learned a level 4 spell: Dispel Undead
  5213 | D:5      | Reached skill level 4 in Shields
  5222 | D:5      | Reached skill level 2 in Axes
  5296 | D:5      | Found Ogucor's Book Shoppe.
  5479 | D:5      | Reached skill level 5 in Fighting
  5592 | D:5      | Found an opulent altar of Gozag.
  5660 | D:5      | Reached skill level 3 in Axes
  5797 | D:5      | Found a white marble altar of Elyvilon.
  5955 | D:5      | Reached skill level 7 in Necromancy
  5977 | D:5      | Identified a scroll of acquirement
  5977 | D:5      | HP: 5/57 [hell rat (1)]
  6255 | D:6      | Acquired 1329 gold pieces
  6328 | D:6      | Learned a level 4 spell: Animate Dead
  6336 | D:6      | Found a sand-covered staircase.
  6380 | Ossuary  | Entered an ossuary
  6419 | Ossuary  | Reached skill level 4 in Axes
  6450 | Ossuary  | Reached XP level 8. HP: 70/70 MP: 10/10
  6659 | Ossuary  | Reached skill level 6 in Fighting
  7001 | D:6      | Found Qethanurph's Magic Scroll Shop.
  7010 | D:6      | Bought a scroll of teleportation for 36 gold pieces
  7010 | D:6      | Bought a scroll of teleportation for 36 gold pieces
  7010 | D:6      | Bought a scroll of teleportation for 36 gold pieces
  7010 | D:6      | Bought a scroll of teleportation for 36 gold pieces
  7010 | D:6      | Bought a scroll of fear for 48 gold pieces
  7181 | D:5      | Reached skill level 5 in Axes
  7423 | D:5      | Reached skill level 8 in Necromancy
  7462 | D:5      | Found the +2 ratskin cloak {*Rats rPois rN+ Str-1 Int-1
                  | Dex+1}
  8146 | D:6      | Reached skill level 7 in Fighting
  8161 | D:6      | Reached skill level 6 in Axes
  8370 | D:6      | Reached XP level 9. HP: 75/79 MP: 2/11
  9341 | D:7      | Reached skill level 9 in Necromancy
  9472 | D:7      | Reached skill level 7 in Axes
  9660 | D:7      | Found a hide-covered altar of Uskayaw.
  9796 | D:7      | Found a staircase to the Ecumenical Temple.
  9893 | D:7      | Reached skill level 8 in Fighting
 10134 | D:8      | Found a runed translucent door.
 10134 | D:8      | Found a shimmering altar of Xom.
 10134 | D:8      | Noticed yleetSyT's ghost (novice GnDe)
 10134 | D:8      | Noticed a +0 flail of chaos
 10219 | D:8      | Reached skill level 5 in Shields
 10767 | D:8      | Found a staircase to the Lair.
 10768 | D:8      | Noticed a komodo dragon
 11789 | D:8      | Found a broken altar of Ashenzari.
 11790 | D:8      | Found a sacrificial altar of Ru.
 11791 | D:8      | Found an ancient bone altar of Kikubaaqudgha.
 11792 | D:8      | Found a snail-covered altar of Cheibriados.
 11810 | D:8      | Identified the +11 spear of Untruth {heavy, rElec rPois}
 11934 | D:8      | Killed a komodo dragon
 11935 | D:8      | Reached skill level 9 in Fighting
 11935 | D:8      | Reached skill level 10 in Necromancy
 12262 | D:9      | Reached XP level 10. HP: 91/91 MP: 4/12
 13002 | D:9      | Reached skill level 10 in Fighting
 13094 | D:9      | Noticed Erolcha
 13156 | D:9      | Killed Erolcha
 13157 | D:9      | Reached skill level 11 in Necromancy
 13597 | D:10     | Entered Level 10 of the Dungeon
 13603 | D:10     | Noticed a two-headed ogre
 13613 | D:10     | Killed a two-headed ogre
 13739 | D:10     | Found a glowing silver altar of Zin.
 13749 | D:10     | Reached skill level 11 in Fighting
 13929 | D:8      | Became a worshipper of Kikubaaqudgha
 14246 | D:10     | Noticed Nergalle
 14257 | D:10     | Killed Nergalle
 14258 | D:10     | Reached skill level 12 in Necromancy
 14260 | D:10     | Paralysed by a hornet for 3 turns
 14262 | D:10     | HP: 3/96 [yak (11)]
 14266 | D:10     | Mangled by a wraith

Vanquished Creatures
  Erolcha (D:9)
  Nergalle (D:10)
  A komodo dragon (D:8)
  A hornet (D:10)
  A wyvern (D:10)
  3 yaks (D:9)
  2 steam dragons (D:9)
  3 water moccasins
  An ice beast (D:6)
  2 orc warriors
  3 sky beasts
  A black bear (D:7)
  2 centaurs (D:9)
  3 kobold brigands
  A phantom (D:5)
  An elf zombie (Ossuary)
  2 scorpions (D:6)
  2 bullfrogs (D:8)
  12 killer bees
  3 howler monkeys
  2 bombardier beetles (D:5)
  2 centaur zombies (Ossuary)
  6 orc priests
  4 hounds
  A human zombie (Ossuary)
  A jelly (D:3)
  14 orc wizards
  Ijyb (D:3)
  5 iguanas
  A sleepcap (D:6)
  3 hell rats (D:5)
  4 hound zombies (Ossuary)
  2 mummies (Ossuary)
  10 adders
  14 river rats (D:5)
  A shadow imp (D:6)
  3 white imps
  2 ufetubi (D:6)
  5 adder zombies (Ossuary)
  4 dart slugs
  2 ribbon worms
  41 orcs
  3 bats
  5 endoplasms
  5 giant cockroaches
  8 goblins
  12 hobgoblins
  2 jackals (D:2)
  3 quokkas
  6 ball pythons
  2 frilled lizards
  6 gnoll zombies (Ossuary)
  7 jackal zombies (Ossuary)
  22 kobolds
  9 kobold zombies (Ossuary)
  2 orc zombies (Ossuary)
  4 rats
270 creatures vanquished.

Vanquished Creatures (collateral kills)
  A two-headed ogre (D:10)
  A sky beast (D:7)
  A scorpion (D:6)
  An orc priest (D:7)
  A white imp (D:6)
  An orc (D:6)
  A goblin (D:1)
  3 kobolds
  A bat (D:3)
  A frilled lizard (D:1)
12 creatures vanquished.

Vanquished Creatures (others)
  A wyvern zombie (D:10)
  2 yak zombies (D:9)
3 creatures vanquished.

Grand Total: 285 creatures vanquished

Table legend: (Time is in decaauts)
 A = Elapsed time spent in this place.
 B = Non-inter-level travel time spent in this place.
 C = Inter-level travel time spent in this place.
 D = Time resting spent in this place.
 E = Time spent auto-exploring this place.
 F = Levels seen in this place.
 G = Mean time per level.
                   A        B        C        D        E       F      G
               +--------+--------+--------+--------+--------+-----+--------+
         Total |  14366 |  13664 |    702 |   1695 |   9131 |  11 | 1306.0 |
       Dungeon |  13828 |  13126 |    702 |   1664 |   8943 |  10 | 1382.8 |
       Ossuary |    538 |    538 |      0 |     31 |    188 |   1 |  538.0 |
               +--------+--------+--------+--------+--------+-----+--------+

Top non-repeatable levels by time:
     D:5: 2054 daAuts
     D:8: 1854 daAuts
     D:7: 1632 daAuts
     D:6: 1598 daAuts
     D:3: 1561 daAuts
     D:9: 1398 daAuts
     D:4: 1198 daAuts
     D:2: 1158 daAuts
     D:1: 1062 daAuts
 Ossuary: 538 daAuts
    D:10: 308 daAuts

Table legend:
 A = Non-vault XP
 B = Vault XP
 C = Vault XP percentage of total XP
 D = Non-vault monster count
 E = Vault monster count
 F = Vault count percentage of total count
                 A         B        C        D         E       F
            +---------+---------+-------+---------+---------+-------
      Total |    7274 |    3034 |  29.4 |     215 |      67 |  23.8
            +---------+---------+-------+---------+---------+-------
        D:1 |      47 |       0 |   0.0 |      28 |       0 |   0.0
        D:2 |      71 |       0 |   0.0 |      18 |       0 |   0.0
        D:3 |     165 |      36 |  17.9 |      24 |       1 |   4.0
        D:4 |     251 |       0 |   0.0 |      24 |       0 |   0.0
        D:5 |     562 |     286 |  33.7 |      25 |      17 |  40.5
        D:6 |     900 |     285 |  24.1 |      29 |       6 |  17.1
        D:7 |    1059 |       0 |   0.0 |      20 |       0 |   0.0
        D:8 |    1041 |     387 |  27.1 |      22 |       2 |   8.3
        D:9 |    1845 |     874 |  32.1 |      22 |       1 |   4.3
       D:10 |    1333 |     769 |  36.6 |       3 |       1 |  25.0
    Ossuary |       0 |     397 | 100.0 |       0 |      39 | 100.0
            +---------+---------+-------+---------+---------+-------
